[Event "*** MasterClass Titled Tuesday Blitz"]
[Site "Chess.com"]
[Date "2017.12.12"]
[Round "5"]
[White "GMKrikor"]
[Black "mazetofonias"]
[Result "1-0"]
[WhiteElo "2654"]
[BlackElo "2471"]
[TimeControl "180+2"]
[EndTime "14:06:10 PST"]
[Termination "GMKrikor won by resignation"]

1. d4 Nf6 2. c4 e6 3. Nc3 Bb4 4.
g3 O-O 5. Bg2 d6 6. Nf3 Bxc3+ 7.
bxc3 Nbd7 8. O-O h6 9. Qc2 Re8 10. e4 e5 11. Re1 b6 12. Bd2 Ba6 13. Bf1 Bb7 14. Bd3 Qe7 15. Nh4 Qf8 16. f4 Bc6 17.
Nf5 Rad8 18. Re2 Bb7 19. Rf1 Kh7 20. c5 bxc5 21. fxe5 dxe5 22. Qc1 cxd4 23. cxd4 Kh8 24. d5 Qc5+ 25. Kg2 Qxc1 26. Rxc1 Nb6 27. Rxc7 Rd7 28.
Rxd7 Nbxd7 29. Nd6 Rb8 30. Be3 Kg8 31. Bxa7 Ra8 32.
Bg1 Ba6 33. Nb5 Rb8 34. a4 Nb6 35. Bxb6 Rxb6 36. Rc2 g6 37. Kf2 Kg7 38. Ke3 Bxb5 39.
Bxb5 Kf8 40. Rc6 Rxc6 41. Bxc6 Ke7 42. a5 1-0

[Event "*** MasterClass Titled Tuesday Blitz"]
[Site "Chess.com"]
[Date "2017.12.12"]
[Round "5"]
[White "mishanick"]
[Black "grzechu96"]
[Result "0-1"]
[WhiteElo "2734"]
[BlackElo "2458"]
[TimeControl "180+2"]
[EndTime "14:06:12 PST"]
[Termination "grzechu96 won by resignation"]

1. e4 c5 2. Nf3 d6 3. d4 cxd4 4. Nxd4 Nf6 5. Nc3 a6 6. Be3 e6 7.
Be2 Nbd7 8. O-O b5 9. a3 Bb7 10. f3 Be7 11. Qe1 O-O 12. Rd1 Rc8 13. Nb3 Qc7 14.
Qg3 Kh8 15. Qh3 Ne5 16. Nd4 Nc4 17. Bxc4 Qxc4 18. Rd3 Nd7 19. f4 Qc7 20. Nb3 Nc5 21.
Nxc5 dxc5 22. f5 b4 23. f6 gxf6 24. Bf4 Qb6 25. Rd7 bxc3 26. Rxe7 e5 27. Bh6 cxb2 28. Bxf8 Rxf8 29. Qh6 Rg8 30. Rxf7 Bxe4 31. R7xf6 Rxg2+ 32. Kh1 Rg6+ 33. R1f3 b1=Q+ 0-1

[Event "*** MasterClass Titled Tuesday Blitz"]
[Site "Chess.com"]
[Date "2017.12.12"]
[Round "5"]
[White "rst2003"]
[Black "Schemato"]
[Result "0-1"]
[WhiteElo "2169"]
[BlackElo "2315"]
[TimeControl "180+2"]
[EndTime "14:06:12 PST"]
[Termination "Schemato won by resignation"]

1. e4 e6 2. d4 d5 3. Nd2 Be7 4. e5 c5 5. c3 b6 6. Bd3 Qd7 7. Ne2 Ba6 8. Bxa6 Nxa6 9. f4 h5 10. Nf3 Nh6 11. Be3 Nf5 12. Bf2 h4 13. a3 c4 14. O-O Nb8 15. b4 cxb3 16. Qxb3 Nc6 17. Nd2 Na5 18. Qa2 Rc8 19. Rfc1 O-O 20. c4 dxc4 21.
Nxc4 Nxc4 22. Rxc4 Rxc4 23. Qxc4 Rc8 24. Qb3 Rc7 25.
Rd1 Qd5 26. Qb2 Rc4 27. Rd3 Qc6 28. Rd2 b5 29. h3 a5 30. Kh2 b4 31. axb4 axb4 32.
Ng1 Rc3 33. Ne2 Rc4 34. Qb1 Qb5 35. d5 b3 36. d6 Bd8 37. Rb2 Rb4 38. Nc1 Rxf4 39.
Rxb3 Qa5 40. Nd3 Rxf2 41. Nxf2 Qxe5+ 42. Kg1 Qxd6 43. Rd3 Qc7 44. Qd1 Bf6 45. Ne4 Be5 46.
Qg4 g6 47. Qf3 Kg7 48. Nf2 Qc1+ 49. Rd1 Qc5 50. Kf1 Qc4+ 51. Nd3 Bd4 52. Ke1 Qc3+ 53. Ke2 Ng3+ 0-1

[Event "*** MasterClass Titled Tuesday Blitz"]
[Site "Chess.com"]
[Date "2017.12.12"]
[Round "5"]
[White "dolynachess"]
[Black "Quiet_Desperation"]
[Result "1/2-1/2"]
[WhiteElo "2285"]
[BlackElo "2368"]
[TimeControl "180+2"]
[EndTime "14:06:15 PST"]
[Termination "Game drawn by agreement"]

1. d4 Nf6 2. c4 e6 3. Nc3 Bb4 4. e3 b6 5. Ne2 Ba6 6. a3 Bxc3+ 7. Nxc3 d5 8. b3 O-O 9. Bb2 dxc4 10. bxc4 Nc6 11.
Rc1 Na5 12. Nb1 Rc8 13. Bd3 c5 14. O-O cxd4 15. Bxd4 Bxc4 16. Bxc4 Nxc4 17. Qa4 Na5 18. Rxc8 Qxc8 19. Bxf6 gxf6 20. Qh4 Qd8 21. Qg4+ Kh8 22.
Rd1 Qe7 23. Qf4 Rd8 24. Rc1 e5 25. Qe4 Qd6 26. g3 Qd5 27. Qf5 Qe6 28. Qh5 Nc4 29. a4 Nd6 30. Nc3 Rc8 31. Qh6 Nf5 32. Qh5 Ng7 33. Qd1 f5 34. Nb5 Rxc1 35. Qxc1 h6 36. Nxa7 Qb3 1/2-1/2

[Event "*** MasterClass Titled Tuesday Blitz"]
[Site "Chess.com"]
[Date "2017.12.12"]
[Round "5"]
[White "evgenysharapov"]
[Black "marianokar"]
[Result "1/2-1/2"]
[WhiteElo "2317"]
[BlackElo "2299"]
[TimeControl "180+2"]
[EndTime "14:06:22 PST"]
[Termination "Game drawn by repetition"]

1. e4 c5 2. Nf3 d6 3. d4 cxd4 4.
Nxd4 Nf6 5. Nc3 Nc6 6. g3 e6 7. Bg2 Nd7 8. O-O a6 9. a4 Be7 10. Nb3 O-O 11. f4 Qc7 12. Kh1 b6 13. g4 Bb7 14. g5 Rfe8 15. Rf3 Bf8 16. Rh3 g6 17. Be3 Bg7 18. Qe1 Nb4 19. Rc1 Qc4 20. Nd2 Qc7 21.
Qh4 Nf8 22. Qf2 Nd7 23. Nb3 Rac8 24. Bd4 e5 25. fxe5 Bxe5 26. Rf1 Re7 27. Qh4 Nf8 28. Qf2 Bxd4 29. Nxd4 Qc5 30. Qf6 Rce8 31. Nb3 Qe5 32.
Qf2 Qxg5 33. Qxb6 Nxc2 34. Qxd6 Ne3 35. Rg3 Qh6 36. Rh3 Qg5 37. Rg3 Qh6 38. Rh3 Qg5 39. Rg3 1/2-1/2

[Event "*** MasterClass Titled Tuesday Blitz"]
[Site "Chess.com"]
[Date "2017.12.12"]
[Round "5"]
[White "joppie2"]
[Black "tigra"]
[Result "0-1"]
[WhiteElo "2641"]
[BlackElo "2652"]
[TimeControl "180+2"]
[EndTime "14:06:23 PST"]
[Termination "tigra won on time"]

1. e4 e6 2. d4 d5 3. Nc3 Bb4 4. Bd3 dxe4 5. Bxe4 Nf6 6. Bf3 Nbd7 7. Ne2 e5 8. O-O O-O 9. Bg5 Re8 10. Nd5 Bd6 11.
Ng3 exd4 12. Nh5 Be5 13. Re1 c6 14. Ndxf6+ Nxf6 15. Bxf6 gxf6 16. Qd2 Kh8 17. Qh6 Rg8 18. Be4 f5 19. Bxf5 Bxh2+ 20. Kxh2 Qh4+ 21. Kg1 Bxf5 22. g3 Qg5 23. Qf6+ Qxf6 24. Nxf6 Rg6 25. Ne4 Re8 26.
Nd2 Rxe1+ 27. Rxe1 Re6 28. Rxe6 fxe6 29. c3 dxc3 30.
bxc3 Kg7 31. f3 Kf6 32. Kf2 Ke5 33. Ke3 Kd5 34. g4 Bg6 35. f4 b5 36. Nf3 c5 37. Nh4 Be4 38. f5 exf5 39. gxf5 Ke5 40. f6 Bd5 41. a3 Kxf6 42. Kf4 a5 43. Nf5 b4 44. axb4 cxb4 45. cxb4 axb4 46. Ne3 Be6 47. Nd1 h5 48. Nf2 b3 49. Nd3 h4 50. Nb2 h3 51. Kg3 Ke5 0-1

[Event "*** MasterClass Titled Tuesday Blitz"]
[Site "Chess.com"]
[Date "2017.12.12"]
[Round "5"]
[White "RobertoJBM"]
[Black "Keaton87"]
[Result "1-0"]
[WhiteElo "2623"]
[BlackElo "2510"]
[TimeControl "180+2"]
[EndTime "14:06:27 PST"]
[Termination "RobertoJBM won on time"]

1. d4 Nf6 2. c4 g6 3. Nc3 Bg7 4. e4 O-O 5. Be2 c6 6. Nf3 d5 7. e5 Ne4 8. O-O Nxc3 9. bxc3 dxc4 10. Bxc4 c5 11. d5 Bg4 12. Bf4 Nd7 13. Re1 Nb6 14. Qd3 Nxc4 15. Qxc4 Bxf3 16. gxf3 Rc8 17. a4 Qd7 18. Bg3 Qf5 19. Qe4 Qh3 20. c4 f5 21. Qh4 Qxh4 22. Bxh4 Rc7 23. f4 Kf7 24. Kg2 h6 25. Kf3 Rb8 26. Rab1 b6 27. Re3 e6 28. d6 Rcb7 29. Rd3 Rd7 30. Ke3 g5 31. Bg3 Ke8 32. h4 g4 33. h5 Bf8 34. f3 Rg7 35. fxg4 Rxg4 36. Kf3 Kd7 37. Rh1 Rb7 38. Rh4 Rg8 39. Rh2 Kc6 40. Rg2 Rbg7 41. Rd1 Kd7 42. Rdg1 Rg4 43.
Rh2 R8g7 44. Rh3 Rg8 45. Rb1 Kc6 46. Rd1 Kd7 47. a5 Kc6 48. Bh4 Rg1 49. Rd3 Rf1+ 50. Ke2 Rxf4 51. d7 Re4+ 52. Rhe3 Bg7 53. d8=Q 1-0

[Event "*** MasterClass Titled Tuesday Blitz"]
[Site "Chess.com"]
[Date "2017.12.12"]
[Round "5"]
[White "nurmiTV"]
[Black "SantoBlue"]
[Result "0-1"]
[WhiteElo "2449"]
[BlackElo "2586"]
[TimeControl "180+2"]
[EndTime "14:06:27 PST"]
[Termination "SantoBlue won by resignation"]

1. c4 a6 2. Nc3 b5 3. cxb5 axb5 4.
Nxb5 c5 5. e4 Nc6 6. Nf3 Nf6 7.
Nc3 g6 8. d4 cxd4 9. Nxd4 Bb7 10. Be2 Bg7 11. Nb3 O-O 12. O-O d6 13. Be3 Ne5 14.
f3 d5 15. Nc5 Bc6 16. exd5 Nxd5 17. Nxd5 Bxd5 18. a4 Nc4 19. Bxc4 Bxc4 20. Qxd8 Rfxd8 21. Rfd1 Bxb2 22. Rxd8+ Rxd8 23. Rb1 Be5 24. a5 Ra8 25. Nb7 Bd5 26. Rb5 e6 27. Nc5 Bd6 28. Bd4 h6 29.
Kf2 g5 30. g3 Kh7 31. Ne4 Be7 32. Nf6+ Bxf6 33. Bxf6 Rc8 34. a6 Rc2+ 35. Ke3 Ra2 36. Rb6 Ra3+ 37. Kd4 Bxf3 38. Be7 Ra4+ 39. Ke5 Kg6 40.
Bc5 Ra5 41. Kd6 Be2 42. Rb2 Rxa6+ 43. Ke5 Bc4 44. Kd4 Bd5 45. Rf2 Ra4+ 46. Ke5 Re4+ 47. Kd6 f5 48. Ke7 f4 49. gxf4 gxf4 50. Bd6 Kf5 51. Kf7 Ra4 52. Kg7 h5 53. Kh6 h4 54.
Kh5 f3 55. Be7 e5 56. Bxh4 Bf7+ 57. Kh6 Rxh4+ 58. Kg7 0-1

[Event "*** MasterClass Titled Tuesday Blitz"]
[Site "Chess.com"]
[Date "2017.12.12"]
[Round "5"]
[White "Taron_Shagbazyan"]
[Black "Vrolijk"]
[Result "1-0"]
[WhiteElo "2514"]
[BlackElo "2445"]
[TimeControl "180+2"]
[EndTime "14:06:33 PST"]
[Termination "Taron_Shagbazyan won by resignation"]

1. d4 Nf6 2. c4 g6 3. Nc3 Bg7 4. g3 O-O 5. Bg2 d6 6. e3 c5 7.
Nge2 Nc6 8. O-O Bf5 9. d5 Na5 10. e4 Bd7 11. Qd3 a6 12. f4 b5 13. h3 Nxc4 14. b3 Na5 15. e5 Ne8 16. Qe3 Rb8 17. Bb2 c4 18. b4 Nb7 19. Kh2 Qc7 20. e6 fxe6 21. dxe6 Bc6 22. Rad1 Bxg2 23. Kxg2 Qc6+ 24. Kh2 Nc7 25. Nd4 Qb6 26. Rfe1 Nd8 27. Qe4 Qb7 28. Qe3 Nc6 29. Nc2 Qb6 30. Qe4 Rbd8 31. Nd5 Qf2+ 32. Kh1 Nxd5 33. Bxg7 Kxg7 34. Qxd5 Qxg3 35. Re3 Qf2 36.
Rd2 Qf1+ 37. Kh2 Rxf4 38. Qxc6 Rdf8 39. Ree2 Rf3 40. Rg2 c3 41. Rde2 Rd3 42. Ne3 Qf4+ 43. Rg3 Rd2 44. Qxc3+ Rd4 45. Nc2 1-0

[Event "*** MasterClass Titled Tuesday Blitz"]
[Site "Chess.com"]
[Date "2017.12.12"]
[Round "5"]
[White "Angry_Serb"]
[Black "Parhamov"]
[Result "1-0"]
[WhiteElo "2454"]
[BlackElo "2730"]
[TimeControl "180+2"]
[EndTime "14:06:41 PST"]
[Termination "Angry_Serb won by resignation"]

1. Nf3 d5 2. b3 c5 3. e3 a6 4. Bb2 Nf6 5. c4 Nc6 6. cxd5 Nxd5 7. a3 f6 8. d4 cxd4 9. Nxd4 Nxd4 10.
Qxd4 e5 11. Qh4 Be7 12. Nd2 O-O 13. Rd1 Be6 14. Bd3 g6 15. Bb1 Qe8 16. Nf3 Nb6 17. O-O Bxb3 18. Rc1 Rc8 19. Rxc8 Nxc8 20. Rc1 Bd5 21.
Be4 Qf7 22. Rc7 b5 23. h3 Be6 24. Qg3 Nd6 25. Nxe5 fxe5 26. Qxe5 Qxf2+ 27. Kh2 Rf6 28. Rxe7 Nxe4 29. Rxe6 Qf5 30. Rxf6 Nxf6 31. Qxf5 gxf5 32. Bxf6 Kf7 33. Bc3 Ke6 34. Kg3 Kd5 35.
Kf4 Kc4 36. Ba5 Kb3 37. Kxf5 Kxa3 38. e4 b4 39. e5 b3 40. Bc3 a5 41. e6 a4 42. e7 Ka2 43. e8=Q a3 44. Qe6 h5 45. h4 Kb1 46. Qxb3+ 1-0

[Event "*** MasterClass Titled Tuesday Blitz"]
[Site "Chess.com"]
[Date "2017.12.12"]
[Round "5"]
[White "ristingho"]
[Black "ST-Sandavagur"]
[Result "1/2-1/2"]
[WhiteElo "2345"]
[BlackElo "2481"]
[TimeControl "180+2"]
[EndTime "14:06:42 PST"]
[Termination "Game drawn by repetition"]

1. d4 Nf6 2. Bg5 e6 3. e4 Be7 4.
e5 Nd5 5. Bxe7 Qxe7 6. c4 Nb6 7. Nf3 d6 8. exd6 cxd6 9. Bd3 Nc6 10. O-O O-O 11. Re1 Qf6 12. Nc3 d5 13. c5 Nd7 14.
Qd2 g6 15. Bf1 b6 16. Bb5 Bb7 17. Bxc6 Bxc6 18. b4 bxc5 19. bxc5 Rab8 20. Rab1 Kg7 21. Ne5 Nxe5 22. dxe5 Qh4 23. f4 Rfd8 24. Qd4 Rxb1 25. Rxb1 Rb8 26. g3 Rxb1+ 27. Nxb1 Qg4 28. Nc3 Qf3 29. a4 a6 30. Nd1 Qa3 31. Nc3 Qb2 32. g4 h6 33. f5 Qc2 34. fxe6 fxe6 35. Qf4 Qxc3 36. Qf6+ Kh7 37. Qf7+ Kh8 38. Qf8+ Kh7 39. Qf7+ Kh8 40. Qf8+ Kh7 41. Qf7+ Kh8 42. Qf8+ Kh7 43. Qf7+ Kh8 44. Qf8+ Kh7 45. Qf7+ 1/2-1/2

[Event "*** MasterClass Titled Tuesday Blitz"]
[Site "Chess.com"]
[Date "2017.12.12"]
[Round "5"]
[White "KhalilMousavi77"]
[Black "benhal"]
[Result "1-0"]
[WhiteElo "2454"]
[BlackElo "2279"]
[TimeControl "180+2"]
[EndTime "14:06:49 PST"]
[Termination "KhalilMousavi77 won by resignation"]

1. e4 g6 2. d4 Bg7 3. Nc3 d6 4. f4 Nf6 5. Nf3 O-O 6. Be2 Nc6 7. O-O e5 8. d5 Ne7 9. fxe5 dxe5 10. Nxe5 Nfxd5 11. Nxf7 Rxf7 12. Rxf7 Kxf7 13. Nxd5 c6 14. Qf1+ Kg8 15.
Nc3 Qd4+ 16. Kh1 Be6 17. Bg5 Rf8 18. Qe1 Nc8 19. Rd1 Qe5 20. Be3 c5 21. Qh4 b6 22. Rd8 Nd6 23. Rxf8+ Bxf8 24. Qd8 Nc4 25. Bh6 Qd6 26. Qxf8+ Qxf8 27. Bxf8 Kxf8 28. Bxc4 Bxc4 29. Kg1 Ke7 30. Kf2 Ke6 31. Ke3 Ke5 32. b3 Ba6 33.
Nb1 Bf1 34. g3 Ba6 35. Nd2 b5 36. Nf3+ Kf6 37. Kf4 h6 38. h4 Bb7 39. g4 a5 40.
g5+ hxg5+ 41. hxg5+ Ke6 42. Ne5 c4 43. bxc4 b4 44. Nxg6 Ba6 45. Ne5 a4 46. c5 Bb5 47.
g6 Kf6 48. c6 a3 49. c7 Ba6 50. Nc6 b3 51. cxb3 Kxg6 52. c8=Q Kf6 53. Qxa6 1-0

[Event "*** MasterClass Titled Tuesday Blitz"]
[Site "Chess.com"]
[Date "2017.12.12"]
[Round "5"]
[White "Divertissement"]
[Black "BartoszSocko"]
[Result "0-1"]
[WhiteElo "2404"]
[BlackElo "2537"]
[TimeControl "180+2"]
[EndTime "14:06:58 PST"]
[Termination "BartoszSocko won by resignation"]

1. e4 e6 2. d4 d5 3. Nd2 c5 4. exd5 Qxd5 5. Ngf3 cxd4 6. Bc4 Qd8 7. O-O Nc6 8. Nb3 a6 9. a4 Nf6 10. Nbxd4 Nxd4 11. Nxd4 Qc7 12. Be2 Bd7 13. Bf3 Bd6 14.
g3 O-O 15. Bg5 Be5 16. c3 h6 17. Be3 Rfd8 18. Qb3 Rab8 19. Rfd1 Nd5 20. Nf5 Bc6 21. Bg2 b5 22. a5 Qb7 23. Nd4 Bxd4 24.
Bxd4 Ne7 25. Bxc6 Qxc6 26. Bb6 Rd5 27. Qb4 Re8 28. Be3 Nf5 29. Bb6 Nd6 30. Rxd5 Qxd5 31. Qd4 Qc6 32. Rd1 Nc4 33. b3 Nxb6 34. axb6 Rb8 35. c4 bxc4 36. bxc4 Qxb6 37. c5 Qc6 38. Rc1 Rb5 39. Qd8+ Kh7 40. Qd3+ g6 41. Qd4 a5 42. Qf6 Rb7 43. h4 h5 44. Rd1 a4 45. Rd8 Rb1+ 0-1

[Event "*** MasterClass Titled Tuesday Blitz"]
[Site "Chess.com"]
[Date "2017.12.12"]
[Round "5"]
[White "SharkAnto55"]
[Black "Hanging_pointer"]
[Result "1-0"]
[WhiteElo "2362"]
[BlackElo "2282"]
[TimeControl "180+2"]
[EndTime "14:06:59 PST"]
[Termination "SharkAnto55 won by resignation"]

1. d4 Nf6 2. c4 e6 3. Nf3 d5 4. g3 Be7 5. Bg2 O-O 6. O-O dxc4 7. Qc2 Bd7 8. Qxc4 Bc6 9. Nc3 Nbd7 10. Bg5 h6 11.
Bxf6 Nxf6 12. Rad1 a6 13. Rfe1 Ne4 14. Ne5 Bd5 15. Nxd5 exd5 16. Qb3 Rb8 17. e3 Nf6 18. Rc1 c6 19. Bf1 Bd6 20. Nd3 Ne4 21. f3 Ng5 22. Bg2 Re8 23. Re2 Qf6 24. Rf1 h5 25. f4 Ne4 26. Ne5 Qf5 27. Qc2 f6 28. Bxe4 dxe4 29. Nc4 Bc7 30. Rg2 c5 31. Rd1 b5 32. Nd2 cxd4 33.
Qxc7 dxe3 34. Nb3 Rbc8 35. Qd7 Qg6 36. Qd4 Qg4 37. Re1 Rcd8 38. Qxe3 Rd3 39. Qe2 Qe6 40.
Qxd3 exd3 41. Rxe6 Rxe6 42. Rd2 Re1+ 43. Kf2 Rh1 44.
Ke3 1-0

[Event "*** MasterClass Titled Tuesday Blitz"]
[Site "Chess.com"]
[Date "2017.12.12"]
[Round "5"]
[White "djano"]
[Black "chito89"]
[Result "0-1"]
[WhiteElo "2378"]
[BlackElo "2575"]
[TimeControl "180+2"]
[EndTime "14:07:05 PST"]
[Termination "chito89 won by resignation"]

1. d4 Nf6 2. Bf4 g6 3. Nc3 d6 4. Qd2 a6 5. e4 Bg7 6. Bh6 Bxh6 7.
Qxh6 Nc6 8. O-O-O e5 9. dxe5 Nxe5 10. h3 Nc6 11. f4 Ng8 12. Qg5 Qxg5 13. fxg5 Be6 14. Nf3 O-O-O 15. Nd5 Re8 16. Bc4 h6 17. gxh6 Rxh6 18. Ng5 Ne5 19. Bb3 Rh5 20. Nxe6 fxe6 21. Nf4 Rh4 22. Nxe6 Nf6 23. Ng5 Nxe4 24. Nxe4 Rxe4 25.
Rhf1 Re2 26. g4 Rh2 27. Rh1 Rxh1 28. Rxh1 Rh8 29. h4 Kd8 30. g5 Nf3 31. Rf1 Nxh4 32. Rh1 Ke7 33. Bd5 c6 34. Be4 d5 35. Bd3 Ke6 36. b4 Ke5 37. Re1+ Kf4 38. Re7 Rb8 39. Kd2 Kxg5 40. Kc3 Nf5 41. Rf7 Nd6 42. Rg7 Nf5 43. Rf7 Kf4 44. Rf6 Rg8 45. Rf7 Ke5 46.
Rxb7 g5 47. Bxa6 g4 48. Rh7 g3 49. Bf1 g2 50. Bxg2 Rg3+ 51. Kb2 Rxg2 52. a4 Nd4 53. a5 Rxc2+ 54. Ka3 Rc3+ 55. Ka4 Rc1 56. Ka3 Ra1+ 57. Kb2 Ra4 58. Ra7 Rxb4+ 59. Ka3 Nb5+ 0-1

[Event "*** MasterClass Titled Tuesday Blitz"]
[Site "Chess.com"]
[Date "2017.12.12"]
[Round "5"]
[White "Arm-Akiba"]
[Black "krzyzan94"]
[Result "1/2-1/2"]
[WhiteElo "2699"]
[BlackElo "2629"]
[TimeControl "180+2"]
[EndTime "14:07:07 PST"]
[Termination "Game drawn by repetition"]

1. d4 Nf6 2. Nf3 g6 3. e3 Bg7 4. Be2 c5 5. O-O cxd4 6. exd4 O-O 7. Re1 d6 8. c3 Nc6 9. Bg5 Qc7 10. Nbd2 h6 11. Bxf6 Bxf6 12. Bc4 Bg7 13. Qc2 e6 14. h4 d5 15. Bd3 f5 16. Nb3 Qf7 17. Re2 Bf6 18. Qd2 Qg7 19. Nc5 Nd8 20. Rae1 b6 21. Nb3 g5 22. hxg5 hxg5 23. Ne5 a5 24. Na1 Ra7 25. Re3 g4 26. f4 Qh6 27. g3 Rh7 28. Qg2 Kg7 29. Kf2 Rfh8 30. Ke2 Bxe5 31. dxe5 Qg6 32. Kd1 Rh2 33. Qf1 Rxb2 34. R3e2 Rh2 35.
Rxb2 Rxb2 36. Re2 Rxe2 37. Qxe2 Qe8 38. Qb2 Qc6 39. Nc2 Qc5 40. Nd4 Nc6 41. Bb5 Nxd4 42. cxd4 Qc7 43. Qa3 Kf7 44. Qd6 Qc3 45. Qxb6 Qa1+ 46.
Kc2 Qxa2+ 47. Kc3 Qa3+ 48. Kc2 Qa2+ 49. Kc3 Qa3+ 50. Kc2 Qa2+ 1/2-1/2

[Event "*** MasterClass Titled Tuesday Blitz"]
[Site "Chess.com"]
[Date "2017.12.12"]
[Round "5"]
[White "leopato"]
[Black "AndreyOstrovskiy"]
[Result "0-1"]
[WhiteElo "1796"]
[BlackElo "2486"]
[TimeControl "180+2"]
[EndTime "14:07:13 PST"]
[Termination "AndreyOstrovskiy won on time"]

1. e4 e5 2. Nf3 Nc6 3. Bc4 Bc5 4. d3 Nf6 5. c3 a6 6. O-O d6 7. Nbd2 O-O 8. a4 h6 9. b4 Bb6 10. Bb3 Ne7 11. Nc4 Ba7 12. Ne3 Be6 13. Bxe6 fxe6 14. Qb3 Qd7 15. Re1 Ng6 16. Nf5 Kh7 17. Ng3 Rf7 18.
d4 Raf8 19. dxe5 Nxe5 20. Nxe5 dxe5 21. Be3 Bxe3 22. Rxe3 Ng4 23. Rd1 Qe7 24. Re2 Qh4 25. h3 Nxf2 26. Rxf2 Rxf2 27. Rd3 R2f6 28. Qc4 Rg6 29.
Qc5 Rf7 30. Qxe5 Qf6 31. Qxf6 Rgxf6 32. e5 Rf4 33. Kh2 Rc4 34. a5 Rf2 35. Nh5 Kg6 36. Ng3 Rc2 37. Nf1 R2xc3 38. Rd7 Rxb4 39. Re7 Kf5 40.
Ng3+ Rxg3 41. Kxg3 Rc4 42. Rxg7 Kxe5 43. Rg6 b5 44.
Rxh6 b4 0-1

[Event "*** MasterClass Titled Tuesday Blitz"]
[Site "Chess.com"]
[Date "2017.12.12"]
[Round "5"]
[White "dawtonlms"]
[Black "daro94"]
[Result "0-1"]
[WhiteElo "2269"]
[BlackElo "2660"]
[TimeControl "180+2"]
[EndTime "14:07:14 PST"]
[Termination "daro94 won by resignation"]

1. e4 c6 2. d4 d5 3. exd5 cxd5 4. c4 Nf6 5. Nc3 Nc6 6. Bg5 e6 7. c5 Be7 8. Bb5 O-O 9. Nf3 Bd7 10. Bxc6 bxc6 11.
O-O h6 12. Bf4 Nh5 13. Be3 Qb8 14. Rb1 Be8 15. b4 f6 16. a4 a6 17. g3 e5 18.
Qc2 e4 19. Nd2 f5 20. f4 g5 21. b5 axb5 22. axb5 Qc8 23. Qb3 gxf4 24. Bxf4 Nxf4 25. gxf4 Bf6 26. Ne2 Kh7 27. bxc6 Bxc6 28. Kh1 Qa6 29.
Qe3 Qd3 30. Qxd3 exd3 31. Ng3 Bxd4 32. Rb6 Rac8 33. Nb3 Be3 34. Kg2 d2 35. Kf3 d4+ 36.
Ke2 Ba4 37. Nxd2 Rxc5 38. Rb7+ Kh8 39. Nf3 Bb5+ 40. Rxb5 Rxb5 41. Ne5 Kh7 42. Ra1 Rb2+ 43. Kd3 Bxf4 44. Ra7+ Kg8 45. Ng6 Bxg3 46. Nxf8 Bb8 0-1

[Event "*** MasterClass Titled Tuesday Blitz"]
[Site "Chess.com"]
[Date "2017.12.12"]
[Round "5"]
[White "HarutyunianTigranK"]
[Black "BilodeauA"]
[Result "0-1"]
[WhiteElo "2605"]
[BlackElo "2749"]
[TimeControl "180+2"]
[EndTime "14:07:15 PST"]
[Termination "BilodeauA won by resignation"]

1. Nf3 d5 2. g3 Nf6 3. Bg2 Bf5 4. O-O c6 5. c4 e6 6. cxd5 exd5 7. d3 Na6 8. Nc3 Be7 9. a3 O-O 10. Qc2 Re8 11. e4 Bg6 12. Nh4 Bf8 13. Nxg6 hxg6 14.
exd5 Nxd5 15. Nxd5 cxd5 16. b4 Qd7 17. Qb3 Rad8 18.
Be3 b6 19. Rac1 Nc7 20. Rc2 Ne6 21. Rfc1 Be7 22. Bh3 Bf6 23. Rc6 Re7 24. Qa2 Qe8 25. Bg2 Nd4 26. Rc7 Nf5 27. Bd2 Bd4 28. Bxd5 Rxc7 29.
Rxc7 Qe2 30. Bxf7+ Kh8 31. Bg5 Qe1+ 32. Kg2 Rf8 33.
Rc1 Qe5 34. Bf4 Qf6 35. Bd5 g5 36. Rc6 Qd8 37. Bc7 Qd7 38. Be4 Ne7 39. Qe2 Rxf2+ 40. Qxf2 Bxf2 41. Rc2 Bd4 42. Bb8 Nd5 43. Rc1 g6 44.
Kh1 a5 45. b5 a4 46. Rc6 Nf6 47. Bf3 Qf5 48. Kg2 g4 0-1

[Event "*** MasterClass Titled Tuesday Blitz"]
[Site "Chess.com"]
[Date "2017.12.12"]
[Round "5"]
[White "AquivaRubinstein"]
[Black "TijanaBlagojevic"]
[Result "1-0"]
[WhiteElo "2285"]
[BlackElo "2362"]
[TimeControl "180+2"]
[EndTime "14:07:19 PST"]
[Termination "AquivaRubinstein won by resignation"]

1. e4 e5 2. Nf3 Nc6 3. Bc4 Bc5 4. c3 Nf6 5. d4 exd4 6. cxd4 Bb4+ 7. Nc3 Nxe4 8. O-O Bxc3 9. d5 Ne5 10. bxc3 Nxc4 11.
Qd4 O-O 12. Qxe4 Nd6 13. Qd3 Qf6 14. Be3 b6 15. Bd4 Qf5 16. Qxf5 Nxf5 17. Be5 Bb7 18. c4 d6 19. Bc3 Rfe8 20. Rfe1 f6 21. g4 Nh6 22. h3 Kf7 23. Nd4 Ba6 24. Ne6 Bxc4 25. Nxc7 Rxe1+ 26. Rxe1 Rc8 27. Ne6 Bxd5 28. Nf4 Bxa2 29.
Bb4 Rc4 30. Bxd6 Ng8 31. Ra1 Rc2 32. Bb8 a5 33. Rd1 Be6 34. Rd6 Bb3 35. Rxb6 a4 36. Rb7+ Ke8 37. Nh5 a3 38. Nxg7+ Kf8 39. Bd6+ Ne7 40.
Bxe7+ Kxg7 41. Bxa3+ Bf7 42. Bb2 Rc6 43. Rb5 Kg6 44.
h4 Be6 45. h5+ Kh6 46. f3 Rc2 47. Bxf6 Bc4 48. Rb6 Ra2 49. f4 Bd5 50. Be5+ 1-0

[Event "*** MasterClass Titled Tuesday Blitz"]
[Site "Chess.com"]
[Date "2017.12.12"]
[Round "5"]
[White "Scott-fox21"]
[Black "AndrewDGreen"]
[Result "1-0"]
[WhiteElo "2144"]
[BlackElo "2069"]
[TimeControl "180+2"]
[EndTime "14:07:20 PST"]
[Termination "Scott-fox21 won by resignation"]

1. d4 Nf6 2. c4 c5 3. d5 e5 4. Nc3 d6 5. g3 Nbd7 6. Bg2 g6 7. Nf3 Bg7 8. O-O O-O 9. Nd2 Nh5 10.
Nde4 Ndf6 11. Bg5 h6 12. Be3 Ne8 13. Qc1 f5 14. g4 Nf4 15. Bxf4 exf4 16. gxf5 Bxf5 17.
Qxf4 Kh7 18. Ng3 Bd3 19. Qg4 Nf6 20. Qf4 Nxd5 21. Qd2 Nxc3 22. Qxd3 Na4 23. Be4 Qg5 24. h4 Qg4 25. h5 Nxb2 26. Bxg6+ Kh8 27. Qxd6 Nxc4 28.
Qxc5 Rac8 29. Qe7 Ne5 30. Be4 Rg8 31. Kg2 Rce8 32. Qxb7 Ref8 33. Rad1 Rf7 34. Qb3 Bf6 35. Bd5 Qh4 36. Bxf7 Ng4 37. Bxg8 Qh2+ 38. Kf3 Ne5+ 39. Ke3 Bg5+ 40. Kd4 Nc6+ 41. Kd3 Ne5+ 42. Kc2 Qh4 43. f4 Bxf4 44. Nf5 Qg5 45. Qe6 Ng4 46. Qg6 Qxf5+ 47.
Qxf5 Ne3+ 48. Kd3 Nxf5 49. Rxf4 1-0

[Event "*** MasterClass Titled Tuesday Blitz"]
[Site "Chess.com"]
[Date "2017.12.12"]
[Round "5"]
[White "nicegg"]
[Black "saraswathii"]
[Result "0-1"]
[WhiteElo "1973"]
[BlackElo "2258"]
[TimeControl "180+2"]
[EndTime "14:07:21 PST"]
[Termination "saraswathii won by resignation"]

1. e4 c5 2. Qh5 e6 3. f4 Nc6 4. c3 Nf6 5. Qf3 d5 6. d3 g6 7. g4 d4 8. Ne2 Bg7 9. Ng3 dxc3 10. bxc3 O-O 11. g5 Nd7 12. h4 f6 13. Qg4 Qe7 14. Be3 Qd6 15. h5 Nde5 16. fxe5 Nxe5 17. Qe2 fxg5 18. hxg6 Nf3+ 19. Kf2 Nd4+ 20. Kg2 Nxe2 21. gxh7+ Kh8 22. Bxe2 Qe7 23. Rh5 Bf6 24. Nd2 Rf7 25. Rah1 Bxc3 26. Rxg5 Rxh7 27. Rxh7+ Kxh7 28. Nf3 Bd7 29. Bxc5 Qf6 30. Be3 Rg8 31. Rh5+ Kg7 32. Rh3 Kf8 33.
Kf2 e5 34. Rh7 Qg6 35. Ng5 Bd4 36. Rxd7 Qxg5 37. Rxd4 Qxg3+ 38. Kf1 exd4 39. Bxd4 Qf4+ 40. Ke1 b6 41. Kd1 Rg2 42. Bc3 Qe3 43. Bb4+ Kg8 44. Bf1 Rg1 45. Bd2 Rxf1+ 46. Kc2 Rf2 0-1

[Event "*** MasterClass Titled Tuesday Blitz"]
[Site "Chess.com"]
[Date "2017.12.12"]
[Round "5"]
[White "amaidel"]
[Black "NateSolon"]
[Result "1/2-1/2"]
[WhiteElo "2487"]
[BlackElo "2356"]
[TimeControl "180+2"]
[EndTime "14:07:24 PST"]
[Termination "Game drawn by repetition"]

1. e4 c5 2. Nf3 d6 3. d4 Nf6 4.
Nc3 cxd4 5. Nxd4 Nc6 6. Bc4 e6 7. Be3 a6 8. Bb3 Na5 9. O-O Qc7 10. f4 b5 11. f5 e5 12. Nf3 Bb7 13. Nd5 Bxd5 14.
Bxd5 Nc4 15. Bf2 Nxb2 16. Qd2 Nc4 17. Qd3 Rc8 18. a4 b4 19. Ng5 Nxd5 20. Qxd5 h6 21.
Nf3 Be7 22. a5 O-O 23. Rfb1 Rb8 24. Ra4 Rb5 25. Qd3 Rfb8 26. Be1 d5 27. exd5 Nxa5 28. f6 Bxf6 29. Raxb4 Qc5+ 30. Bf2 Rxb4 31. Bxc5 Rxb1+ 32. Kf2 R1b5 33. Ba3 Rc8 34. d6 Rd8 35. Nd2 Nc6 36. Ne4 Nd4 37. c4 Rb3 38. Nxf6+ gxf6 39. Qd2 Rxa3 40. c5 Kg7 41. h3 Rb3 42. Qc1 Rc8 43. d7 Rd8 44. c6 Nxc6 45. Qxc6 Rd3 46. Qxa6 R8xd7 47. Kg1 Rd2 48. Qc6 Ra7 49. Qf3 Raa2 50. Qg4+ Kh8 51. Qc8+ Kg7 52. Qg4+ Kf8 53. Qc8+ Ke7 54. Qc7+ Ke6 55. Qc6+ Ke7 56. Qc7+ Ke6 57. Qc6+ Kf5 58. Qf3+ Ke6 59. Qc6+ Ke7 60. Qc7+ Kf8 61.
Qc8+ Kg7 62. Qg4+ 1/2-1/2